 Seeded DCSS version 0.31-a0-986-g5e6e4ef867 (webtiles) character file.

Game seed: 14459707170205011524 (custom seed)

10754 timneilson the Grappler (level 11, -10/67 HPs)
             Began as an Octopode Shapeshifter on Nov 13, 2023.
             Was an Initiate of Gozag.
             Mangled by a wraith (13 damage)
             ... on level 10 of the Dungeon.
             The game lasted 00:32:25 (9335 turns).

timneilson the Grappler (Octopode Shapeshifter)     Turns: 9335, Time: 00:32:26

Health: -10/67     AC:  5    Str: 23    XL:     11   Next: 67%
Magic:  17/18      EV: 21    Int: 13    God:    Gozag
Gold:   789        SH:  0    Dex: 12    Spells: 15/19 levels left

rFire   + .          .
                       - Unarmed
rCold   + . .        p - melded +1 buckler
rNeg    . . .        x - +2 hat
rPois   +            (no amulet)
rElec   .            d - ring of poison resistance
rCorr   +            g - ring of resist corrosion
SInv    +            k - +5 ring of evasion
Will    .....        l - ring of protection from cold
Stlth   ++           m - ring of see invisible
HPRegen 0.31/turn    h - +6 ring of strength
MPRegen 0.16/turn    s - ring of protection from fire
                     (no ring)

%: clarity
@: flux-form, gold aura, slowed, glowing, very slow
A: glow, contaminating, almost no armour, amphibious, 8 rings, camouflage 1,
gelatinous body 1, (nimble swimmer 1), tentacles, iridescent scales 1, clarity,
frail 1, noise suppression
a: Begin Untransformation, Renounce Religion, Potion Petition, Call Merchant,
Bribe Branch


You were on level 10 of the Dungeon.
You worshipped Gozag.
Gozag was pleased with you.
You were something dangerously unstable.
You visited 2 branches of the dungeon, and saw 11 of its levels.
You also visited: Bailey.

You collected 2503 gold pieces.
You spent 951 gold pieces at shops.
You paid 763 gold pieces to Gozag.

Inventory:

Missiles
 o - a throwing net
Armour
 i - a +0 kite shield
 p - a +1 buckler (melded)
 x - a +2 hat (worn)
Jewellery
 d - a ring of poison resistance (left tentacle)
 g - a ring of resist corrosion (right tentacle)
 h - a +6 ring of strength (on tentacle)
 k - a +5 ring of evasion (on tentacle)
 l - a ring of protection from cold (on tentacle)
 m - a ring of see invisible (on tentacle)
 s - a ring of protection from fire (on tentacle)
Talismans
 b - a beast talisman
 c - a flux talisman (active)
 D - a blade talisman
Wands
 n - a wand of flame (30)
Scrolls
 e - 3 scrolls of teleportation
 f - 2 scrolls of amnesia
 r - a scroll of blinking
 u - 2 scrolls of noise
 y - a scroll of revelation
 z - a scroll of fog
 E - a scroll of fear
Potions
 a - 3 potions of lignification
 j - 8 potions of might
 q - 4 potions of curing
 t - a potion of haste
 v - 2 potions of brilliance
 w - 4 potions of resistance
 A - 4 potions of magic
 B - a potion of cancellation
Miscellaneous
 F - a phial of floods


   Skills:
 * Level 7.4 Fighting
 * Level 7.7 Dodging
 + Level 7.6 Stealth
 + Level 2.4 Shields
 * Level 8.1 Unarmed Combat
 + Level 4.6 Spellcasting
 + Level 4.6 Translocations
 + Level 4.4 Evocations
 * Level 7.5 Shapeshifting


You had 15 spell levels left.
You knew the following spells:

 Your Spells              Type           Power      Damage    Failure   Level
a - Gell's Gravitas       Tloc           15%        N/A       9%          3
b - Apportation           Tloc           30%        N/A       2%          1

Your spell library contained the following spells:

 Spells                   Type           Power      Damage    Failure   Level
 Momentum Strike          Conj/Tloc      18%        3d8       11%         2
 Cigotuvi's Dreadful Rot  Necr/Pois/Air  6%         N/A       30%         2
 Jinxbite                 Hex            6%         N/A       30%         2
 Ozocubu's Armour         Ice            3%         N/A       52%         3
 Dispel Undead            Necr           3%         3d7       89%         4
 Summon Forest            Summ/Tloc      4%         N/A       90%         5
 Alistair's Intoxication  Tmut/Pois      2%         N/A       99%         5
 Metabolic Englaciation   Hex/Ice        1%         N/A       99%         5
 Summon Mana Viper        Hex/Summ       3%         N/A       99%         5
 Death Channel            Necr           1%         N/A       100%        6
 Summon Cactus Giant      Summ           1%         N/A       100%        6
 Simulacrum               Ice/Necr       Unusable   N/A       N/A         6

Dungeon Overview and Level Annotations

Branches:
Dungeon (10/15)            Temple (1/1) D:5            Lair (0/5) D:9
    Orc (0/2) D:9          Bailey (visited)

Altars:
Ashenzari
Cheibriados
Dithmenos
Fedhas
Gozag
Hepliaklqana
Kikubaaqudgha
Makhleb
Nemelex Xobeh
Okawaru
Qazlal
Ru
Sif Muna
Trog
Uskayaw
Vehumet
Wu Jian
Xom
Yredelemnul
Zin
The Shining One

Shops:
D:3 =   D:5 (   D:8 :*?


Innate Abilities, Weirdness & Mutations

You are something dangerously unstable.
You glow with magical radiation, making you easy to see and hit.
Foes you strike become dangerously contaminated with magical radiation.
You are incapable of wielding weapons or throwing items.
You cannot wear most types of armour.
You are amphibious.
You can wear up to eight rings at the same time.
Your skin changes colour to match your surroundings (Stealth+).
Your rubbery body absorbs attacks. (AC +1, EV +1)
((You are camouflaged when in or above water. (Stealth+)))
You have tentacles for arms and can constrict up to eight enemies at once.
You are partially covered in iridescent scales. (AC +2)
You possess an exceptional clarity of mind.
You are frail. (-10% HP)
You passively dampen the noise of your surroundings.


Message History

The centaur misses you.
You tentacle-slap the centaur.
The centaur glows dangerously bright.
The centaur is heavily wounded.
The centaur completely misses you. The centaur closely misses you.
The wraith hits you. The wraith drains your vigour!
You feel as though you will be slow longer.
The wraith barely misses you. The centaur completely misses you.
The centaur kicks you but does no damage.
You tentacle-slap the centaur.
The centaur shudders as magic cascades through it.
The centaur twists and deforms.
You squeeze the centaur.
You kill the centaur!
The wraith completely misses you. x2; The wraith barely misses you.
The wraith hits you but does no damage.
You closely miss the vampire. Your grab misses the vampire.
The wraith misses you. The vampire completely misses you.
The vampire bites you!
The vampire draws strength from your injuries!
The wraith hits you. The wraith drains your vigour!
You feel as though you will be slow longer.
You barely miss the vampire. You grab the vampire. You squeeze the vampire.
The vampire is lightly damaged.
You constrict the vampire. The wraith closely misses you.
The vampire casts a spell.
The vampire flickers and vanishes for a moment.
The wraith hits you.
You tentacle-slap the vampire.
The vampire begins to glow.
You squeeze the vampire, but do no damage.
The vampire is heavily damaged.
You constrict the vampire. The wraith closely misses you.
The vampire closely misses you. The vampire bites you!
* * * LOW HITPOINT WARNING * * *
The vampire draws strength from your injuries!
The wraith hits you.
* * * LOW HITPOINT WARNING * * *
The wraith drains your vigour!
You feel as though you will be slow longer.
The wraith hits you!
You die...
Your body crumbles into a pile of gold.

#........#
#........#
#........#
#........#
#........#
#........#
######+###........#
......V...........#
#..Wp.....#....#
#..W#.....#....#
.......#..........#
..................#
.8..###############
.... ... ##


You could see a vampire (invisible, contam) and 2 wraiths.

Vanquished Creatures
  2 two-headed ogres
  An orc knight (Bailey)
  Pikel (D:5)
  Maggie (D:6)
  A troll (D:9)
  Grinder (D:5)
  A hornet (D:9)
  A wraith (D:9)
  11 yaks (D:9)
  Sigmund (D:2)
  A wyvern (D:8)
  Eustachio (D:6)
  4 vampire mosquitoes (D:5)
  Edmund (D:6)
  An acid dragon (D:8)
  3 water moccasins
  Duvessa (D:6)
  A black bear (D:5)
  4 orc warriors
  2 ice beasts (D:7)
  3 ogres
  7 centaurs
  2 phantoms (D:6)
  3 bullfrogs
  4 kobold brigands
  2 scorpions (D:5)
  A gnoll sergeant (D:9)
  9 wights (D:9)
  Dowan (D:6)
  10 killer bees
  A vampire bat (D:4)
  A howler monkey (D:7)
  3 jellies
  6 orc priests
  4 hounds (D:5)
  A gnoll bouda (D:7)
  2 iguanas
  12 orc wizards
  Terence (D:3)
  17 gnolls
  2 adders
  3 shadow imps
  A white imp (D:5)
  4 ufetubi
  2 worms
  2 dart slugs
  3 fire bats (D:4)
  49 orcs
  2 spectral bats (D:4)
  6 ball pythons
  3 bat skeletons (D:4)
  A bat zombie (D:4)
  8 endoplasms
  2 giant cockroaches
  12 goblins
  10 hobgoblins
  22 kobolds
  A quokka (D:1)
  17 bats
  A bat simulacrum (D:4)
  7 frilled lizards
  6 rats
294 creatures vanquished.

Notes
Turn   | Place    | Note
-------+----------+-------------------------------------------
     0 | D:1      | timneilson the Octopode Shapeshifter began the quest for
                  | the Orb.
     0 | D:1      | Reached XP level 1. HP: 13/13 MP: 1/1
   139 | D:1      | Reached XP level 2. HP: 18/18 MP: 2/2
   376 | D:1      | Reached XP level 3. HP: 23/23 MP: 3/3
   561 | D:1      | Identified a scroll of acquirement
   561 | D:1      | Acquired 480 gold pieces
   693 | D:2      | Reached skill level 1 in Stealth
   958 | D:2      | Noticed Sigmund
   968 | D:2      | Killed Sigmund
   969 | D:2      | Reached skill level 1 in Spellcasting
   969 | D:2      | Reached XP level 4. HP: 11/30 MP: 5/5
   969 | D:2      | Reached XP level 5. HP: 13/35 MP: 6/6
  1319 | D:3      | Identified the of Kumin
  1394 | D:3      | Found a shadowy altar of Dithmenos.
  1395 | D:3      | Found a sparkling altar of Nemelex Xobeh.
  1405 | D:3      | Noticed Terence
  1423 | D:3      | Killed Terence
  1424 | D:3      | Reached XP level 6. HP: 37/41 MP: 8/8
  1442 | D:3      | Learned a level 3 spell: Gell's Gravitas
  1661 | D:2      | Reached skill level 4 in Unarmed Combat
  1870 | D:3      | Found Utruot's Jewellery Boutique.
  1878 | D:3      | Bought a +5 ring of evasion for 396 gold pieces
  2021 | D:3      | Found an opulent altar of Gozag.
  2036 | D:3      | Became a worshipper of Gozag Ym Sagoz the Greedy
  2431 | D:4      | Reached XP level 7. HP: 46/46 MP: 9/9
  2511 | D:4      | Reached skill level 1 in Translocations
  2834 | D:4      | Found a hide-covered altar of Uskayaw.
  2842 | D:4      | Found a burning altar of Makhleb.
  3115 | D:5      | Entered Level 5 of the Dungeon
  3138 | D:5      | Found an ornate altar of the Wu Jian Council.
  3305 | D:5      | Reached XP level 8. HP: 54/54 MP: 11/11
  3396 | D:5      | Found Fasoin's Antique Weapon Emporium.
  3476 | D:5      | Found a staircase to the Ecumenical Temple.
  3556 | D:5      | Reached skill level 5 in Unarmed Combat
  3669 | D:5      | Reached skill level 1 in Evocations
  3669 | D:5      | Reached skill level 5 in Shapeshifting
  3861 | D:5      | Reached skill level 5 in Dodging
  3861 | D:5      | Reached XP level 9. HP: 47/59 MP: 11/13
  3958 | D:3      | Bought a +6 ring of strength for 396 gold pieces
  4161 | D:5      | Found an iron altar of Okawaru.
  4363 | Temple   | Entered the Ecumenical Temple
  4565 | D:6      | Noticed Dowan
  4576 | D:6      | Noticed Duvessa
  4593 | D:6      | Killed Duvessa
  4594 | D:6      | Reached skill level 5 in Stealth
  4594 | D:6      | Killed Dowan
  4716 | D:6      | Noticed Eustachio
  4728 | D:6      | Killed Eustachio
  4729 | D:6      | Reached skill level 5 in Fighting
  4843 | D:6      | Noticed Grinder
  4868 | D:6      | Noticed Pikel
  4874 | D:5      | Killed Grinder
  4875 | D:5      | Reached skill level 6 in Unarmed Combat
  4938 | D:6      | Noticed Edmund
  4945 | D:5      | Killed Pikel
  4957 | D:6      | Killed Edmund
  5173 | D:6      | Reached XP level 10. HP: 61/68 MP: 15/15
  5247 | D:6      | Noticed Maggie
  5256 | D:6      | Killed Maggie
  6021 | D:7      | Noticed a two-headed ogre
  6033 | D:7      | Killed a two-headed ogre
  6266 | D:7      | Found a basalt altar of Yredelemnul.
  6282 | D:7      | Learned a level 1 spell: Apportation
  6757 | D:8      | Reached skill level 7 in Unarmed Combat
  6768 | D:8      | Reached skill level 1 in Shields
  6861 | D:8      | Found a flagged portal.
  6880 | Bailey   | Entered a bailey
  7065 | Bailey   | Noticed an orc knight
  7071 | Bailey   | Killed an orc knight
  7428 | D:8      | Found Myickor's General Store.
  7447 | D:8      | Bought a wand of flame (8) for 84 gold pieces
  7447 | D:8      | Bought a scroll of identify for 30 gold pieces
  7447 | D:8      | Bought a potion of curing for 45 gold pieces
  7457 | D:8      | Found Qapnett's Magic Scroll Shop.
  7793 | D:9      | Reached XP level 11. HP: 74/74 MP: 17/17
  7823 | D:9      | Noticed a two-headed ogre
  7842 | D:9      | Killed a two-headed ogre
  8068 | D:9      | Found a staircase to the Lair.
  8562 | D:9      | Gained mutation: You are frail. (-10% HP) [potion of
                  | mutation]
  8562 | D:9      | Gained mutation: Your system is resistant to poisons.
                  | (rPois) [potion of mutation]
  8591 | D:9      | Lost mutation: Your system is resistant to poisons. (rPois)
                  | [potion of mutation]
  8591 | D:9      | Lost mutation: You are frail. (-10% HP) [potion of
                  | mutation]
  8591 | D:9      | Gained mutation: You are frail. (-10% HP) [potion of
                  | mutation]
  8591 | D:9      | Gained mutation: You possess an exceptional clarity of
                  | mind. [potion of mutation]
  8591 | D:9      | Gained mutation: You passively dampen the noise of your
                  | surroundings. [potion of mutation]
  8591 | D:9      | Gained mutation: You are partially covered in iridescent
                  | scales. (AC +2) [potion of mutation]
  8692 | D:9      | Reached skill level 8 in Unarmed Combat
  8849 | D:9      | Found a staircase to the Orcish Mines.
  8859 | D:9      | Identified the +2 robe of Divine Birdsong {rC+ Str+2
                  | Stlth+}
  9265 | D:10     | Entered Level 10 of the Dungeon
  9335 | D:10     | HP: 3/67 [wraith (6)]
  9335 | D:10     | Mangled by a wraith

Illustrated notes

Levels and vault maps discovered:
D:1:      roderic_chinese_lattice_arrival, layout_rooms, grunt_decor_resistance,
          st_stairs_5, reono_crystal_passage
D:2:      layout_basic, uniq_sigmund
D:3:      layout_rooms, gammafunk_temple_overflow_statue,
          grunt_gozag_breadcrumbs, serial_shops, shop, uniq_terence
D:4:      layout_gridville, mainiacjoe_overflow_big_doors, goddamned_bats
D:5:      layout_gridville, mainiacjoe_overflow_boulevard, lemuel_crystal_altar,
          minmay_temple_entry_large_hall, serial_shops,
          nicolae_shop_rolling_square
D:6:      layout_loops_ring, uniq_duvessa, uniq_maggie, uniq_eustachio,
          uniq_grinder, uniq_edmund, uniq_pikel
D:7:      layout_basic, mainiacjoe_overflow_six_doors_small,
          minmay_fountain_box, minmay_fractal_squares_gapless_5
D:8:      layout_basic, enter_bailey_4, serial_shops, shop, shop
D:9:      layout_gridville, dpeg_oklobed_lair,
          kennysheep_orc_monster_closet_entryway
D:10:     layout_stronghold, mainiacjoe_overflow_catwalk, serial_undead,
          serial_undead_d, serial_undead_e, serial_undead_a, serial_undead_e,
          serial_undead_d, serial_undead_c, serial_undead_f, serial_undead_e,
          serial_undead_e, serial_undead_e, laboratory, uniq_snorg
Temple:   dshaligram_water_room_temple

Skill      XL: |  1  2  3  4  5  6  7  8  9 10 11 |
---------------+----------------------------------+-----
Stealth        | 2 3 4 5 6 7 |  7.6
Fighting       | 2 3 4 5 6 7 |  7.4
Dodging        | 3 4 5 6 7 |  7.7
Spellcasting   | 1 2 3 4 |  4.6
Unarmed Combat | 4 5 6 7 8 |  8.1
Shapeshifting  | 4 5 6 7 |  7.5
Translocations | 1 2 3 4 |  4.6
Evocations     | 1 3 4 |  4.4
Shields        | 1 2 |  2.4

Action                     |  1- 3 |  4- 6 |  7- 9 | 10-12 || total
---------------------------+-------+-------+-------+-------++-------
  Melee: Unarmed           |    69 |    78 |   203 |   349 ||   699
         Constrict         |    15 |    19 |    44 |    72 ||   150
         Tentacles         |    10 |    16 |    48 |   102 ||   176
         Punch             |     1 |     3 |    12 |    16 ||    32
 Invoke: Call Merchant     |       |       |       |     1 ||     1
  Evoke: Wand              |       |       |       |     1 ||     1
    Use: Scroll            |     3 |     2 |     4 |    11 ||    20
         Potion            |       |       |     4 |     9 ||    13
   Stab: Sleeping          |     8 |     4 |    14 |    23 ||    49
         Distracted        |       |       |     3 |     2 ||     5
 Armour: Skin              |    36 |    35 |    88 |    95 ||   254
  Dodge: Dodged            |    44 |    50 |   221 |   256 ||   571
  Block: Buckler           |       |       |     8 |    31 ||    39
   Form: Flux              |       |       |       |     1 ||     1

Table legend: (Time is in decaauts)
 A = Elapsed time spent in this place.
 B = Non-inter-level travel time spent in this place.
 C = Inter-level travel time spent in this place.
 D = Time resting spent in this place.
 E = Time spent auto-exploring this place.
 F = Levels seen in this place.
 G = Mean time per level.
                   A        B        C        D        E       F      G
               +--------+--------+--------+--------+--------+-----+--------+
         Total |   9266 |   8861 |    405 |   1145 |   4118 |  12 |  772.2 |
       Dungeon |   8945 |   8540 |    405 |   1145 |   4063 |  10 |  894.5 |
        Temple |      1 |      1 |      0 |      0 |      0 |   1 |    1.0 |
        Bailey |    319 |    319 |      0 |      0 |     55 |   1 |  319.0 |
               +--------+--------+--------+--------+--------+-----+--------+

Top non-repeatable levels by time:
     D:9: 1352 daAuts
     D:5: 1254 daAuts
     D:6: 1152 daAuts
     D:4: 1032 daAuts
     D:7: 996 daAuts
     D:2: 972 daAuts
     D:8: 886 daAuts
     D:3: 693 daAuts
     D:1: 574 daAuts
  Bailey: 319 daAuts
    D:10: 30 daAuts
  Temple: 1 daAuts
